 Dungeon Crawl Stone Soup version 0.25-a0-719-gde951dc (webtiles) character file.

Game seed: 15117608999748478508, levelgen mode: deterministic

91 BlueFish the Magician (level 4, -12/31 HPs)
             Began as a Mummy Wizard on Apr 6, 2020.
             Killed from afar by an electric eel (14 damage)
             ... with a bolt of electricity
             ... on level 6 of the Dungeon.
             The game lasted 00:04:43 (2352 turns).

BlueFish the Magician (Mummy Wizard)                Turns: 2352, Time: 00:04:44

Health: -12/31     AC:  2    Str: 10    XL:     4   Next: 34%
Magic:  11/11      EV: 12    Int: 18    God:
Gold:   145        SH:  0    Dex: 10    Spells: 3/13 levels left

rFire    x . .     SeeInvis +   e - +3 spear (venom)
rCold    + . .     Gourm    .   (no shield)
rNeg     + + +     Faith    +   a - +0 robe
rPois    ∞         Spirit   .   b - +0 hat
rElec    .         Reflect  .   (no cloak)
rCorr    +         Harm     .   (no gloves)
MR       .....                  (no boots)
Stlth    ++........             h - amulet of faith
HPRegen  0.10/turn              c - ring of resist corrosion
MPRegen  0.12/turn              f - ring of see invisible

@: no status effects
A: no food or potions, fire vulnerability, cold resistance 1, negative energy
resistance 3, torment resistance, unbreathing
a: no special abilities


You were on level 6 of the Dungeon.
You were not hungry.

You visited 1 branch of the dungeon, and saw 4 of its levels.

You collected 145 gold pieces.

Inventory:

Hand Weapons
 e - a +3 spear of venom (weapon)
Armour
 a - a +0 robe (worn)
 b - a +0 hat (worn)
Jewellery
 c - a ring of resist corrosion (left hand)
 f - a ring of see invisible (right hand)
 h - an amulet of faith (around neck)
Scrolls
 i - a scroll of identify


   Skills:
 * Level 0.8 Fighting
 * Level 0.8 Polearms
 * Level 2.0 Dodging
 * Level 2.1 Stealth
 * Level 5.3 Spellcasting
 + Level 1.1 Conjurations
 + Level 0.7 Summonings
 + Level 0.7 Translocations


You had 3 spell levels left.
You knew the following spells:

 Your Spells              Type           Power        Failure   Level  Hunger
a - Magic Dart            Conj           #...         9%          1    N/A
b - Blink                 Tloc           N/A          14%         2    N/A
c - Call Imp              Summ           #.......     14%         2    N/A
d - Slow                  Hex            #.......     19%         2    N/A
e - Mephitic Cloud        Conj/Pois/Air  #.......     32%         3    N/A

Your spell library contained the following spells:

 Spells                   Type           Power        Failure   Level  Hunger
 Conjure Flame            Conj/Fire      #.......     30%         3    N/A

Dungeon Overview and Level Annotations

Branches:
Dungeon (3/15)

Altars:
Dithmenos


Innate Abilities, Weirdness & Mutations

You do not eat or drink.
Your flesh is vulnerable to fire.
You are immune to poison.
Your flesh is cold resistant. (rC+)
You are immune to negative energy. (rN+++)
You are immune to unholy pain and torment.
You can survive without breathing.


Message History

You hear the sound of rushing water.
There is an entrance to a sewer on this level.
Hurry and find it before the portal rusts away!
Found a scroll labeled KEITIU SOEM and 19 gold pieces. 3 electric eels come into view.
As you read the scroll labeled XESMOE CIENGOJ, it crumbles to dust.
The scroll dissolves into smoke.
It was a scroll of fog.
The electric eel shoots out a bolt of lightning at you!
The bolt of electricity hits you!
The bolt of electricity hits the plant.
The electric eel shoots out a bolt of lightning at you!
The bolt of electricity hits the electric eel.
The electric eel completely resists.
The bolt of electricity hits you!
The electric eel shoots out a bolt of lightning at you!
The bolt of electricity hits the plant!
The bolt of electricity hits you!
* * * LOW HITPOINT WARNING * * *
As you read the scroll labeled CALESUZ OTAR, it crumbles to dust.
It is a scroll of identify.
You don't have any unidentified items.
The electric eel shoots out a bolt of lightning at you!
The bolt of electricity hits you!
You die...

..
#####
##§§§##
#§;§≈§#
#§§;§≈#
#§P;§§#
#§§.PP#
#.§§§.#
#.@...#
##+..##
###


You could see an electric eel.

Vanquished Creatures
  3 adders
  2 worms (D:2)
  3 dart slugs
  4 leopard geckos
  An orc (D:3)
  5 goblins
  7 hobgoblins
  2 jackals (D:2)
  8 kobolds
  A quokka (D:2)
  5 bats
  3 frilled lizards
  4 rats
48 creatures vanquished.

Notes
Turn   | Place    | Note
-------+----------+-------------------------------------------
     0 | D:1      | BlueFish the Mummy Wizard began the quest for the Orb.
     0 | D:1      | Reached XP level 1. HP: 13/13 MP: 5/5
   311 | D:1      | Reached XP level 2. HP: 15/19 MP: 1/7
   315 | D:1      | Learned a level 2 spell: Blink
   318 | D:1      | Learned a level 2 spell: Call Imp
   321 | D:1      | Learned a level 2 spell: Slow
  1151 | D:2      | Reached XP level 3. HP: 24/24 MP: 6/9
  1156 | D:2      | Learned a level 3 spell: Mephitic Cloud
  1173 | D:2      | Reached skill level 5 in Spellcasting
  1180 | D:2      | Reached skill level 1 in Conjurations
  1650 | D:2      | Reached XP level 4. HP: 31/31 MP: 6/11
  1961 | D:2      | Found a shadowy altar of Dithmenos.
  2346 | D:3      | You fall into a shaft and drop 3 floors!
  2349 | D:6      | HP: 1/31 [electric eel/bolt of electricity (12)]
  2352 | D:6      | Killed from afar by an electric eel

Levels and vault maps discovered:
D:1:      heliophobic_arrival_enchanted_forest, layout_loops_ring,
          kennysheep_nondescript
D:2:      layout_rooms, marbit_many_paths, minmay_statues_item
D:3:      layout_loops_ring, chequers_serial_rivers_micro_d,
          grunt_gozag_breadcrumbs
D:6:      cheibrodos_two_vegetables, layout_basic, gup_sewer_entry_glass

Skill      XL: |  1  2  3  4 |
---------------+-------------+-----
Spellcasting   | 5 |  5.3
Conjurations   | 1 |  1.1
Stealth        | 2 |  2.1
Dodging        | 2 |  2.0
Fighting       | |  0.8
Polearms       | |  0.8
Summonings     | |  0.7
Translocations | |  0.7

Action                   |  1- 3 |  4- 6 || total
-------------------------+-------+-------++-------
Melee: Spear             |    37 |    17 ||    54
 Cast: Magic Dart        |    76 |    19 ||    95
  Use: Scroll            |     3 |     2 ||     5
Armor: Robe              |       |     1 ||     1
Dodge: Dodged            |    21 |     5 ||    26

Table legend:
 A = Non-vault XP
 B = Vault XP
 C = Vault XP percentage of total XP
 D = Non-vault monster count
 E = Vault monster count
 F = Vault count percentage of total count
                 A         B        C        D         E       F
            +---------+---------+-------+---------+---------+-------
      Total |     130 |       1 |   0.8 |      47 |       1 |   2.1
            +---------+---------+-------+---------+---------+-------
        D:1 |      30 |       0 |   0.0 |      14 |       0 |   0.0
        D:2 |      80 |       1 |   1.2 |      29 |       1 |   3.3
        D:3 |      20 |       0 |   0.0 |       4 |       0 |   0.0
            +---------+---------+-------+---------+---------+-------
